 Dungeon Crawl Stone Soup version 0.29.1-1-gd02db6906a (webtiles) character file.

Game seed: 9831549474054176991

71017 Ashen the Frost Mage (level 14, -4/110 HPs)
             Began as a Demonspawn Ice Elementalist on Sept 26, 2022.
             Was a High Priest of Vehumet.
             Slain by a spriggan defender simulacrum (18 damage)
             ... on level 14 of the Dungeon.
             The game lasted 01:44:25 (31796 turns).

Ashen the Frost Mage (Demonspawn Ice Elementalist) Turns: 31796, Time: 01:44:26

Health: -4/110     AC:  8    Str: 13    XL:     14   Next: 96%
Magic:  28/28      EV: 21    Int: 24    God:    Vehumet [*****.]
Gold:   505        SH:  9    Dex: 13    Spells: 5/33 levels left

rFire   . . .      SeeInvis +   K - +3 whip (venom)
rCold   . . .      Faith    .   (no shield)
rNeg    . . .      Spirit   .   D - +0 robe of the Many Nightcaps {Will+ Archmagi}
rPois   .          Reflect  +   (helmet restricted)
rElec   .          Harm     .   (no cloak)
rCorr   .          Rampage  .   h - +0 pair of gloves
Will    ++...      Archmagi +   E - +0 pair of boots
Stlth   +++.......              p - amulet of reflection
HPRegen 0.28/turn               T - +4 ring of slaying
MPRegen 0.21/turn               P - ring "Tiosoptoniso" {Str+4 SInv}

@: agile, studying Air Magic
A: antennae 2, icemail 1, powered by pain 3, big brain 1, condensation shield
a: Renounce Religion


You were on level 14 of the Dungeon.
You worshipped Vehumet.
Vehumet was extremely pleased with you.
You visited 4 branches of the dungeon, and saw 22 of its levels.
You also visited: Sewer and Gauntlet.

You collected 1945 gold pieces.
You spent 1440 gold pieces at shops.

Inventory:

Hand Weapons
 K - a +3 whip of venom (weapon)
 W - a +5 quick blade
Missiles
 f - 20 poisoned darts (quivered)
 M - 15 javelins
 N - 10 curare-tipped darts
 R - 12 silver javelins
Armour
 a - a +0 troll leather armour
 h - a +0 pair of gloves (worn)
 D - the +0 robe of the Many Nightcaps (worn) {Will+ Archmagi}
   (You found it on level 6 of the Dungeon)

   Archmagi:  It increases the power of your magical spells.
   Will:      It increases your willpower.
 E - a +0 pair of boots (worn)
 I - a +0 kite shield
 Z - the +0 acid dragon scales of Mutualism {rC+ rCorr}
   (You found it in a Gauntlet)

   rC:        It protects you from cold.
   rCorr:     It protects you from acid and corrosion.
Jewellery
 p - an amulet of reflection (around neck)
 B - a +4 ring of slaying
 L - an amulet of regeneration
 P - the ring "Tiosoptoniso" (right hand) {Str+4 SInv}
   (You found it in a Gauntlet)

   [ring of see invisible]

   Str:       It affects your strength (+4).
   SInv:      It lets you see invisible.
 T - a +4 ring of slaying (left hand)
Wands
 e - a wand of roots (30)
 t - a wand of acid (4)
 H - a wand of flame (19)
 Q - a wand of mindburst (14)
 U - a wand of polymorph (12)
 Y - a wand of paralysis (8)
Scrolls
 c - 3 scrolls of summoning
 g - 2 scrolls of silence
 j - a scroll of acquirement
 l - 3 scrolls of magic mapping
 m - 5 scrolls of immolation
 o - 11 scrolls of teleportation
 r - 2 scrolls of vulnerability
 u - 4 scrolls of fear
 w - 3 scrolls of identify
 y - 3 scrolls of blinking
 G - 3 scrolls of poison
 O - a scroll of amnesia
 S - 2 scrolls of torment
 V - 2 scrolls of fog
Potions
 b - 6 potions of magic
 d - 5 potions of cancellation
 i - 7 potions of mutation
 k - 11 potions of curing
 n - 2 potions of flight
 q - 7 potions of brilliance
 s - 3 potions of lignification
 v - a potion of heal wounds
 x - 4 potions of haste
 z - 3 potions of attraction
 A - 3 potions of ambrosia
 C - a potion of might
 F - 2 potions of resistance
 J - 3 potions of invisibility
Miscellaneous
 X - a box of beasts


   Skills:
 - Level 10.0 Fighting
 - Level 8.0 Short Blades
 - Level 10.0 Dodging
 - Level 5.0 Stealth
 - Level 10.0 Spellcasting
 - Level 10.0 Conjurations
 - Level 5.0 Necromancy
 + Level 12.8 Ice Magic
 - Level 5.0 Air Magic


You had 5 spell levels left.
You knew the following spells:

 Your Spells              Type           Power      Damage    Failure   Level
a - Freeze                Ice            100%       1d11      1%          1
b - Frozen Ramparts       Ice            100%       1d16      1%          3
c - Ozocubu's Armour      Ice            83%        N/A       1%          3
d - Hailstorm             Conj/Ice       79%        3d16      1%          4
e - Mephitic Cloud        Conj/Pois/Air  52%        N/A       1%          3
f - Freezing Cloud        Conj/Ice/Air   35%        6-21      1%          5
g - Stone Arrow           Conj/Erth      100%       3d13      1%          3
h - Simulacrum            Ice/Necr       35%        N/A       22%         6

Your spell library contained the following spells:

 Spells                   Type           Power      Damage    Failure   Level
 Eringya's Noxious Bog    Tmut/Pois      9%         N/A       86%         6
 Magic Dart               Conj           100%       1d8       1%          1
 Necrotise                Necr           100%       1d9       1%          1
 Sandblast                Erth           36%        2d10      1%          1
 Shock                    Conj/Air       100%       1d9       1%          1
 Searing Ray              Conj           100%       2d8       1%          2
 Dazzling Flash           Conj/Hex       100%       N/A       1%          3
 Vampiric Draining        Necr           52%        2d9       1%          3
 Fulminant Prism          Conj/Hex       26%        3d14      1%          4
 Iskenderun's Mystic Bla  Conj/Tloc      52%        2d11      1%          4
 Ice Form                 Ice/Tmut       59%        N/A       3%          4
 Ignite Poison            Fire/Tmut/Pois 18%        N/A       4%          3
 Apportation              Tloc           36%        N/A       5%          1
 Summon Small Mammal      Summ           72%        N/A       5%          1
 Animate Dead             Necr           52%        N/A       7%          4
 Call Imp                 Summ           18%        N/A       8%          2
 Corpse Rot               Necr/Pois/Air  41%        N/A       14%         4
 Call Canine Familiar     Summ           18%        N/A       16%         3
 Summon Guardian Golem    Hex/Summ       18%        N/A       16%         3
 Agony                    Necr           52%        N/A       19%         5
 Silence                  Hex/Air        18%        N/A       45%         5
 Alistair's Intoxication  Tmut/Pois      12%        N/A       82%         5
 Conjure Ball Lightning   Conj/Air       32%        3x3d10    11%         6
 Haunt                    Necr/Summ      18%        N/A       100%        7
 Discord                  Hex            9%         N/A       100%        8
 Disjunction              Tloc           9%         N/A       100%        8
 Infestation              Necr           26%        N/A       100%        8


Dungeon Overview and Level Annotations

Branches:
Dungeon (14/15)            Temple (1/1) D:7            Lair (5/5) D:10
  Swamp (0/4) Lair:2       Spider (0/4) Lair:3        Slime (0/5) Lair:5
    Orc (2/2) D:11            Elf (0/3) Orc:2         Sewer (visited)
Gauntlet (visited)
 Vaults: D:13-14

Altars:
Ashenzari
Cheibriados
Dithmenos
Fedhas
Gozag
Hepliaklqana
Kikubaaqudgha
Makhleb
Nemelex Xobeh
Okawaru
Qazlal
Ru
Sif Muna
Trog
Uskayaw
Vehumet
Wu Jian
Xom
Yredelemnul

Shops:
D:5 *   D:9 *   D:11 ([   D:12 ([   Orc:2 :*=

Annotations:
D:13 3 runed translucent doors, Gasan's ghost, journeyman DrFE
Orc:1 3 runed translucent doors, EvilAshe's ghost, journeyman HuFi


Innate Abilities, Weirdness & Mutations

You have a pair of antennae on your head.
A meltable icy envelope protects you from harm. (AC +4)
You are powered by pain.
You have an unusually large brain. (Int +2)
A meltable shield of frost defends you. (SH +4)


Message History

Casting: Ozocubu's Armour (safe; 1% risk of failure)
Confirm with . or Enter, or press ? or * to list all spells.
Aiming: Stone Arrow (safe; 1% risk of failure)
Press: ? - help, Shift-Dir - straight line, f - spriggan defender simulacrum
Aim: a spriggan defender simulacrum (58% to hit)
You feel a surge of power!
The stone arrow hits the spriggan defender simulacrum!!
The spriggan defender simulacrum is heavily damaged.
Casting: Stone Arrow (safe; 1% risk of failure)
Confirm with . or Enter, or press ? or * to list all spells.
Aiming: Stone Arrow (safe; 1% risk of failure)
Press: ? - help, Shift-Dir - straight line, f/p - spriggan defender simulacrum
Aim: a spriggan defender simulacrum (heavily damaged, 58% to hit)
You feel a surge of power!
The stone arrow hits the spriggan defender simulacrum!
The spriggan defender simulacrum is almost destroyed.
The spriggan defender simulacrum hits you!
The spriggan defender simulacrum freezes you!!
You focus on the pain.
You feel agile all of a sudden.
You hit the spriggan defender simulacrum.
The spriggan defender simulacrum is almost destroyed.
The spriggan defender simulacrum misses you.
Casting: Stone Arrow (safe; 1% risk of failure)
Confirm with . or Enter, or press ? or * to list all spells.
Aiming: Stone Arrow (safe; 1% risk of failure)
Press: ? - help, Shift-Dir - straight line, f/p - spriggan defender simulacrum
Aim: a spriggan defender simulacrum (almost destroyed, 58% to hit)
You feel a surge of power!
The stone arrow misses the spriggan defender simulacrum.
The stone arrow hits the deep troll simulacrum!!
The deep troll simulacrum is almost destroyed.
The spriggan defender simulacrum hits you!
The spriggan defender simulacrum freezes you!!
* * * LOW HITPOINT WARNING * * *
You focus on the pain.
You feel your power returning.
The spriggan defender simulacrum hits you!
* * * LOW HITPOINT WARNING * * *
The spriggan defender simulacrum freezes you!!
You die...

,,,*** *,,* #........,,*
**,,,****,,* ##........,,*
***,,,,**,* **#.......,,,,*
****,...* **,,.....{,∩,,,****
***..#* *,,*#..#*,,,,,,,,,,
*#..***,*##.#**,,,,,,,,,,
#..,,,,##Z.# *,,,**,,,,,
#..#*###Z.## ***,,,,,,,,
#...##.@.## ****,,,,,
####)#....### **,,,,,
*#.......### *,,,,,, *..##.##(##
***,,**** *,**#.*#..# **,,,**
*****,###.###.## *,,*,*****
**,,,,,#........#* ****,,,,*,,,*
,,,****#......#..#***,,,,,**,,,,,
**** #......##.#*,.,*,***,,,,,,


You could see a spriggan defender simulacrum and a deep troll simulacrum.

Vanquished Creatures
  Jorgrun (D:14)
  Kirke (Lair:3)
  Donald (Orc:2)
  A minotaur (Gauntlet)
  A dire elephant (Gauntlet)
  6 hydras
  5 two-headed ogres
  A catoblepas (Lair:5)
  A deep troll shaman (Lair:5)
  Urug (Lair:4)
  11 death yaks (Lair:5)
  Sonja (D:13)
  Nergalle (Orc:1)
  A lindwurm (Lair:5)
  5 orc knights
  A deep elf pyromancer (D:14)
  An ugly thing (D:11)
  A necromancer (Gauntlet)
  2 wolf spiders (Lair:5)
  4 manticores
  2 cyclopes
  An oklob plant (Gauntlet)
  A rust devil (Gauntlet)
  5 black mambas
  12 elephants
  Maurice (Orc:2)
  A gargoyle (D:12)
  13 cane toads
  2 unseen horrors
  A rime drake (Lair:5)
  A freezing wraith (D:10)
  5 komodo dragons
  8 trolls
  3 polar bears (Lair:5)
  A slime creature (D:7)
  A jumping spider (Lair:3)
  23 blink frogs
  A shadow (D:10)
  4 wraiths
  A spriggan (Lair:3)
  2 wyverns
  56 yaks
  3 basilisks
  A water elemental (D:13)
  3 hogs
  A ynoxinul (Gauntlet)
  7 vampire mosquitoes
  8 wargs
  3 acid dragons
  8 water moccasins
  36 orc warriors
  3 ice beasts (D:6)
  5 black bears
  3 sky beasts
  25 wolves
  4 ogres
  5 centaurs
  2 phantoms
  4 kobold brigands
  4 bullfrogs
  3 necrophages
  A gnoll sergeant (D:10)
  4 scorpions
  8 wights
  3 killer bees (D:9)
  2 electric eels (Lair:2)
  5 howler monkeys
  A hound (D:6)
  2 jellies
  A gnoll bouda (D:7)
  9 orc priests
  An iron imp (Gauntlet)
  3 iguanas
  12 orc wizards
  A hound skeleton (D:7)
  16 gnolls
  8 adders
  5 river rats
  A shadow imp (D:7)
  A white imp (D:6)
  An ufetubus (D:6)
  2 dart slugs
  2 worms
  62 orcs
  4 bats
  4 endoplasms
  6 giant cockroaches
  8 hobgoblins
  15 kobolds
  3 quokkas
  6 ball pythons
  6 frilled lizards
  11 goblins
  18 rats
  A butterfly (Lair:2)
553 creatures vanquished.

Vanquished Creatures (collateral kills)
  An iron imp (Gauntlet)
1 creature vanquished.

Vanquished Creatures (others)
  A shadow (D:13)
  An orc wizard (Orc:1)
  A bush (Lair:5)
  A fire vortex (Lair:3)
  72 fungi
  88 plants
164 creatures vanquished.

Grand Total: 718 creatures vanquished

Notes
Turn   | Place    | Note
-------+----------+-------------------------------------------
     0 | D:1      | Ashen the Demonspawn Ice Elementalist began the quest for
                  | the Orb.
     0 | D:1      | Reached XP level 1. HP: 13/13 MP: 3/3
   462 | D:1      | Gained mutation: You have an unusually large brain. (Int
                  | +2) [demonic ancestry]
   462 | D:1      | Reached XP level 2. HP: 19/19 MP: 0/5
  1535 | D:2      | Gained mutation: You sometimes gain a little power by
                  | taking damage. [demonic ancestry]
  1535 | D:2      | Reached XP level 3. HP: 21/24 MP: 0/6
  1553 | D:2      | Learned a level 3 spell: Frozen Ramparts
  2170 | D:2      | Reached skill level 4 in Ice Magic
  2344 | D:2      | Learned a level 3 spell: Ozocubu's Armour
  2492 | D:2      | Gained mutation: You sometimes gain power by taking damage.
                  | [demonic ancestry]
  2492 | D:2      | Reached XP level 4. HP: 17/30 MP: 4/8
  3843 | D:3      | Found a broken altar of Ashenzari.
  3890 | D:3      | Found a sacrificial altar of Ru.
  3890 | D:3      | Found a hazy altar of Hepliaklqana.
  4008 | D:3      | Gained mutation: A meltable shield of frost defends you.
                  | (SH +4) [demonic ancestry]
  4008 | D:3      | Reached XP level 5. HP: 36/36 MP: 5/9
  4180 | D:3      | Noticed an ogre
  4187 | D:3      | Killed an ogre
  4188 | D:3      | Reached skill level 1 in Fighting
  4505 | D:4      | Noticed a black bear
  4526 | D:3      | Reached XP level 6. HP: 31/43 MP: 8/11
  5001 | D:4      | Reached skill level 5 in Ice Magic
  5169 | D:4      | Found an ancient bone altar of Kikubaaqudgha.
  5255 | D:3      | Gained mutation: You are powered by pain. [demonic
                  | ancestry]
  5255 | D:3      | Reached XP level 7. HP: 24/49 MP: 5/13
  5740 | D:5      | Entered Level 5 of the Dungeon
  6072 | D:5      | Found Idutij's General Store.
  6081 | D:5      | Bought a scroll of magic mapping for 90 gold pieces
  6081 | D:5      | Bought a wand of paralysis (2) for 57 gold pieces
  6737 | D:6      | Gained mutation: You have a pair of small antennae on your
                  | head. [demonic ancestry]
  6737 | D:6      | Reached XP level 8. HP: 46/57 MP: 15/15
  6772 | D:6      | Reached skill level 5 in Spellcasting
  6813 | D:6      | Identified the +0 robe of the Many Nightcaps {Will+
                  | Archmagi}
  6833 | D:6      | Learned a level 4 spell: Hailstorm
  6837 | D:6      | Learned a level 3 spell: Mephitic Cloud
  7062 | D:6      | Found a glowing drain.
  7066 | Sewer    | Entered a sewer
  7636 | D:6      | Found a snail-covered altar of Cheibriados.
  7663 | D:6      | Reached skill level 1 in Conjurations
  7663 | D:6      | Reached skill level 6 in Ice Magic
  7801 | D:6      | Reached skill level 1 in Air Magic
  8457 | D:7      | Found a staircase to the Ecumenical Temple.
  8465 | Temple   | Entered the Ecumenical Temple
  8510 | Temple   | Became a worshipper of Vehumet
  8589 | D:7      | Reached XP level 9. HP: 31/65 MP: 4/17
  9038 | D:7      | Found a burning altar of Makhleb.
  9989 | D:8      | Reached skill level 5 in Stealth
  9992 | D:8      | Reached skill level 7 in Ice Magic
 10616 | D:8      | Found a transporter.
 10929 | D:9      | Reached * piety under Vehumet
 10929 | D:9      | Offered knowledge of Sandblast by Vehumet.
 11074 | D:9      | Paralysed by a centaur for 4 turns
 11085 | D:9      | Reached skill level 5 in Dodging
 11085 | D:9      | Reached XP level 10. HP: 63/73 MP: 20/20
 11435 | D:9      | Found Egablu Asyc's General Store.
 11443 | D:9      | Bought a scroll of summoning for 142 gold pieces
 11443 | D:9      | Bought a scroll of teleportation for 45 gold pieces
 11471 | D:9      | Found a shimmering altar of Xom.
 11530 | D:9      | Found a shadowy altar of Dithmenos.
 11676 | D:10     | Entered Level 10 of the Dungeon
 11742 | D:10     | Reached skill level 5 in Conjurations
 11748 | D:10     | Reached ** piety under Vehumet
 11750 | D:10     | Offered knowledge of Poisonous Vapours by Vehumet.
 12210 | D:10     | Noticed a two-headed ogre
 12233 | D:10     | Killed a two-headed ogre
 12234 | D:10     | Reached skill level 5 in Fighting
 12234 | D:10     | Reached skill level 8 in Ice Magic
 12278 | D:10     | Found a staircase to the Lair.
 12932 | D:11     | Found Pyeteuv's Armour Boutique.
 12932 | D:11     | Found a staircase to the Orcish Mines.
 12932 | D:11     | Found Foaczoy's Weapon Boutique.
 12934 | D:11     | Noticed an orc knight
 12940 | D:11     | Noticed a white ugly thing
 13013 | Lair:1   | Entered Level 1 of the Lair of Beasts
 13275 | Lair:1   | Noticed a cane toad
 13446 | Lair:1   | Noticed a black mamba
 13461 | Lair:1   | Killed a black mamba
 13462 | Lair:1   | Reached XP level 11. HP: 65/80 MP: 17/22
 13828 | Lair:1   | Noticed a four-headed hydra
 13860 | Lair:1   | Killed a four-headed hydra
 14460 | Lair:1   | Reached skill level 9 in Ice Magic
 15135 | Lair:2   | Found a staircase to the Swamp.
 15400 | Lair:2   | Learned a level 5 spell: Freezing Cloud
 15733 | Lair:2   | Offered knowledge of Stone Arrow by Vehumet.
 15741 | Lair:2   | Learned a level 3 spell: Stone Arrow
 16182 | Lair:2   | Reached *** piety under Vehumet
 16463 | Lair:2   | Reached skill level 5 in Air Magic
 16469 | Lair:2   | Gained mutation: You have a pair of antennae on your head.
                  | [demonic ancestry]
 16469 | Lair:2   | Reached XP level 12. HP: 89/89 MP: 14/25
 16629 | Lair:2   | You fall into a shaft and drop 2 floors!
 16939 | Lair:4   | Noticed a five-headed hydra
 16954 | Lair:4   | Killed a five-headed hydra
 17113 | Lair:4   | Noticed a four-headed hydra
 17119 | Lair:4   | Killed a four-headed hydra
 17456 | Lair:4   | Reached skill level 10 in Ice Magic
 17595 | Lair:4   | Found an ancient bone altar of Kikubaaqudgha.
 17627 | Lair:4   | Noticed Urug
 17813 | Lair:3   | Found a gate leading to a gauntlet.
 17822 | Gauntlet | Entered a Gauntlet
 17822 | Gauntlet | Found a transporter.
 17822 | Gauntlet | Found a runed translucent door.
 17839 | Gauntlet | Found a runed translucent door.
 17841 | Gauntlet | Found a transporter.
 17844 | Gauntlet | Found a transporter.
 17845 | Gauntlet | Found a transporter.
 17856 | Gauntlet | Found a transporter.
 17857 | Gauntlet | Found a transporter.
 17858 | Gauntlet | Found a transporter.
 17866 | Gauntlet | Found a transporter.
 17869 | Gauntlet | Found a transporter.
 17870 | Gauntlet | Found a transporter.
 17872 | Gauntlet | Noticed a dire elephant
 17878 | Gauntlet | Found a transporter.
 17881 | Gauntlet | Found a transporter.
 17882 | Gauntlet | Found a transporter.
 17887 | Gauntlet | Noticed a cacodemon
 17891 | Gauntlet | Found a transporter.
 18119 | Gauntlet | Identified the ring "Tiosoptoniso" {Str+4 SInv}
 18517 | Gauntlet | Offered knowledge of Inner Flame by Vehumet.
 18609 | Gauntlet | Killed a dire elephant
 18610 | Gauntlet | Reached skill level 10 in Spellcasting
 18902 | Gauntlet | Noticed a minotaur
 18908 | Gauntlet | Killed a minotaur
 18945 | Gauntlet | Identified the +1 steam dragon scales of the Blind Marksman
                  | {Will- Dex+3 SInv}
 18946 | Gauntlet | Got the Tractate on the Quantum Squall
 18948 | Gauntlet | Identified the +0 acid dragon scales of Mutualism {rC+
                  | rCorr}
 18981 | Lair:3   | Noticed Kirke
 19567 | Lair:2   | Reached skill level 10 in Conjurations
 19847 | Lair:3   | Found a hole to the Spider Nest.
 20343 | Lair:3   | Reached skill level 1 in Short Blades
 20351 | Lair:3   | Reached XP level 13. HP: 98/98 MP: 20/27
 20375 | Lair:3   | Reached **** piety under Vehumet
 20670 | Lair:3   | Offered knowledge of Lee's Rapid Deconstruction by Vehumet.
 21086 | Lair:4   | Killed Urug
 21758 | Lair:3   | Killed Kirke
 22275 | Lair:5   | Entered Level 5 of the Lair of Beasts
 22948 | Lair:5   | Got the Volume of Firn and Terrain
 22956 | Lair:5   | Learned a level 6 spell: Simulacrum
 22981 | Lair:5   | Reached skill level 1 in Necromancy
 23001 | Lair:5   | Reached skill level 11 in Ice Magic
 23578 | Lair:5   | Found a staircase to the Slime Pits.
 23828 | Lair:5   | Reached ***** piety under Vehumet
 23860 | Lair:5   | Gained mutation: A meltable icy envelope protects you from
                  | harm. (AC +4) [demonic ancestry]
 23860 | Lair:5   | Reached XP level 14. HP: 92/108 MP: 25/28
 23899 | Lair:5   | Reached skill level 5 in Short Blades
 24177 | Lair:5   | Offered knowledge of Spellforged Servitor by Vehumet.
 25792 | Orc:1    | Entered Level 1 of the Orcish Mines
 25792 | Orc:1    | Noticed Nergalle
 25809 | Orc:1    | Killed Nergalle
 25810 | Orc:1    | Reached skill level 5 in Necromancy
 25836 | Orc:1    | Reached skill level 10 in Fighting
 25927 | Orc:1    | Noticed EvilAshe's ghost (journeyman HuFi)
 25948 | Orc:1    | Found a runed translucent gate.
 25948 | Orc:1    | Found a runed translucent gate.
 25948 | Orc:1    | Found a runed translucent gate.
 26244 | Orc:2    | Entered Level 2 of the Orcish Mines
 26394 | Orc:2    | Noticed Maurice
 26396 | Orc:2    | Noticed Donald
 26512 | Orc:2    | Killed Donald
 27187 | Orc:2    | Found Ruenicri's Book Emporium.
 27187 | Orc:2    | Found Zyinuw's Magic Scroll Shop.
 27215 | Orc:2    | Reached skill level 10 in Dodging
 27347 | Orc:2    | Offered knowledge of Eringya's Noxious Bog by Vehumet.
 27351 | Orc:2    | Killed Maurice
 27952 | Orc:2    | Bought a scroll of torment for 104 gold pieces
 27952 | Orc:2    | Bought a scroll of fear for 44 gold pieces
 27952 | Orc:2    | Bought a scroll of magic mapping for 82 gold pieces
 27981 | Orc:2    | Reached skill level 12 in Ice Magic
 28182 | Orc:2    | Found a staircase to the Elven Halls.
 28443 | Orc:2    | Found Qegimum's Assorted Antiques.
 28443 | Orc:2    | Found Orukkusa's Jewellery Shop.
 28467 | Orc:2    | Bought a scroll of enchant weapon for 270 gold pieces
 28467 | Orc:2    | Bought a scroll of enchant weapon for 270 gold pieces
 28467 | Orc:2    | Bought a scroll of enchant weapon for 270 gold pieces
 28505 | Orc:2    | Bought a scroll of identify for 22 gold pieces
 28505 | Orc:2    | Bought a scroll of identify for 22 gold pieces
 28505 | Orc:2    | Bought a scroll of identify for 22 gold pieces
 28506 | Orc:2    | Identified a scroll of acquirement
 29331 | D:12     | Found Upaweuto's Antique Weapon Shoppe.
 29824 | D:12     | Found Noete's Armour Shop.
 30563 | D:13     | Noticed Sonja
 30577 | D:13     | Killed Sonja
 30897 | D:13     | Found a runed translucent gate.
 30897 | D:13     | Found a runed translucent gate.
 30897 | D:13     | Found an ancient bone altar of Kikubaaqudgha.
 30897 | D:13     | Found a runed translucent gate.
 30897 | D:13     | Noticed a lich
 30897 | D:13     | Noticed a lich
 30897 | D:13     | Noticed Gasan's ghost (journeyman DrFE)
 30897 | D:13     | Noticed a lich
 30897 | D:13     | Noticed a lich
 31484 | D:14     | Noticed Jorgrun
 31499 | D:14     | Killed Jorgrun
 31796 | D:14     | Slain by a spriggan defender simulacrum

Illustrated notes

Levels and vault maps discovered:
D:1:      dpeg_cavernosity, layout_loops_corners
D:2:      layout_loops_ring
D:3:      layout_basic, mainiacjoe_overflow_catwalk,
          mainiacjoe_overflow_large_starburst, amcnicky_mini_pool_small,
          minmay_misc_feat_rows
D:4:      layout_rooms, mainiacjoe_overflow_surrounded_room
D:5:      layout_cave_pools, serial_shops, kennysheep_little_box, minivault_27
D:6:      layout_gridville, mainiacjoe_overflow_brackets, gup_sewer_entry_spiral
D:7:      layout_basic, makhleb_blood_cavern_becter, minmay_temple_entry_wispy,
          st_stairs_1, minmay_chambers_of_fives
D:8:      layout_cave_pools, lemuel_crystal_altar, chequers_jeans,
          nicolae_diode_basic
D:9:      layout_cave_pools, lemuel_doored_altar, lemuel_tele_altar,
          serial_shops, nicolae_shop_crystal
D:10:     layout_irregular_city, lair_entry_dummy, skrybe_limestone_x
D:11:     layout_cave_pods, orc_david_3, minmay_misc_feat_columns,
          chequers_serial_rivers_micro_d
D:12:     layout_irregular_city, serial_shops, nicolae_shop_overgrown_old_shop,
          shop, grunt_ministairs_7
D:13:     layout_rooms, gammafunk_ghost_crypt, hive_lemuel, uniq_sonja
D:14:     layout_rooms, grunt_vaults_entry_tiered, hangedman_glass_teeth,
          portal_ice_cave_entry_ice_simulacra, uniq_jorgrun, uniq_azrael
Temple:   nicolae_temple_god_jail
Lair:1:   layout_chaotic_city, grunt_megastairs_3
Lair:2:   layout_regular_city, swamp_mist, serial_bayou_lake_a,
          lemuel_fruit_fields
Lair:3:   layout_gridlike, spider_nest_entry_a, gauntlet_entry_generic,
          wad_woods_03, uniq_kirke
Lair:4:   layout_roguey, basic_altar, uniq_urug
Lair:5:   grunt_lair_end_beastmaster, layout_gridlike, slime_entry_1,
          nicolae_lair_run_with_the_wolves, infiniplex_staircase_pool_2
Orc:1:    layout_diamond_mine, gammafunk_ghost_split, uniq_nergalle
Orc:2:    st_orc_town, layout_caves, uniq_maurice, uniq_donald

Skill      XL: |  1  2  3  4  5  6  7  8  9 10 11 12 13 14 |
---------------+-------------------------------------------+-----
Stealth        | 2 3 4 5 |  5.0
Dodging        | 2 3 4 5 6 7 9 10 | 10.0
Ice Magic      | 4 5 6 7 8 9 10 11 12 | 12.8
Spellcasting   | 3 4 5 6 7 9 10 | 10.0
Fighting       | 1 2 3 4 5 6 7 9 10 | 10.0
Conjurations   | 2 4 6 8 10 | 10.0
Air Magic      | 1 2 3 5 |  5.0
Short Blades   | 1 4 8 |  8.0
Necromancy     | 3 5 |  5.0

Action                   |  1- 3 |  4- 6 |  7- 9 | 10-12 | 13-15 || total
-------------------------+-------+-------+-------+-------+-------++-------
Melee: Unarmed           |    44 |       |       |       |       ||    44
       Whip              |     3 |     4 |       |   215 |   464 ||   686
       Punch             |     1 |     1 |     7 |     5 |     4 ||    18
       Rapier            |       |    46 |       |       |       ||    46
       Dagger            |       |    26 |   355 |     4 |       ||   385
       Short sword       |       |       |    67 |    72 |       ||   139
Throw: Dart              |       |       |       |    37 |    19 ||    56
       Javelin           |       |       |       |     1 |       ||     1
 Cast: Freeze            |    55 |    24 |    12 |    30 |    10 ||   131
       Frozen Ramparts   |       |    10 |    20 |    54 |    43 ||   127
       Ozocubu's Armour  |       |     5 |    23 |    58 |    55 ||   141
       Hailstorm         |       |       |     9 |    14 |    30 ||    53
       Mephitic Cloud    |       |       |     3 |    11 |    44 ||    58
       Freezing Cloud    |       |       |       |    23 |    60 ||    83
       Stone Arrow       |       |       |       |     5 |    61 ||    66
Evoke: Wand              |       |       |     6 |     4 |     5 ||    15
  Use: Potion            |       |     2 |     3 |     9 |     3 ||    17
       Scroll            |       |       |    13 |    13 |    13 ||    39
 Stab: Sleeping          |     6 |     3 |    12 |     3 |     3 ||    27
       Confused          |       |       |     1 |       |    13 ||    14
Armor: Robe              |     3 |       |    61 |    78 |    86 ||   228
       Leather armour    |    17 |    21 |    15 |       |       ||    53
Dodge: Dodged            |    59 |    49 |   220 |   202 |   319 ||   849
Block: Other             |       |    31 |   199 |   167 |   231 ||   628
       Reflection        |       |       |     4 |     1 |     7 ||    12
